 Dungeon Crawl Stone Soup version 0.20.1-1-g8b1a95d (webtiles) character file.

349 Minstaer the Chiller (level 6, -6/41 HPs)
             Began as a Human Ice Elementalist on Nov 3, 2017.
             Mangled by Duvessa
             ... wielding a +0 short sword
              (14 damage)
             ... on level 5 of the Dungeon.
             The game lasted 00:39:23 (3935 turns).

Minstaer the Chiller (Human Ice Elementalist)       Turns: 3935, Time: 00:39:29

Health: -6/41      AC:  8    Str:  3    XL:     6   Next: 92%
Magic:  4/28       EV: 12    Int: 17    God:
Gold:   233        SH:  0    Dex: 14    Spells: 8/14 levels left

rFire    . . .     SeeInvis .   a - staff of power
rCold    . . .     Gourm    .   (no shield)
rNeg     . . .     Faith    .   t - +0 robe
rPois    +         Spirit   .   (no helmet)
rElec    .         Reflect  .   (no cloak)
rCorr    .         Harm     .   (no gloves)
MR       .....                  C - +0 pair of boots
Stlth    +.........             (no amulet)
Regen    0.2/turn               E - -5 ring of strength (curse)
MPRegen  0.3/turn               M - ring of poison resistance (curse)

@: icy armour, very slightly contaminated, glowing, slow
A: no striking features
a: no special abilities


You were on level 5 of the Dungeon.
You were not hungry.

You visited 1 branch of the dungeon, and saw 5 of its levels.

You collected 245 gold pieces.
You spent 12 gold pieces at shops.

Inventory:

Hand Weapons
 b - a +0 hunting sling
 f - a +2 dagger of venom
 k - a +0 dagger
 l - a +0 short sword
 G - a cursed -3 dagger
Missiles
 e - 64 stones (quivered)
 g - 7 needles of sleeping
 j - 15 bolts
 s - 14 javelins
 B - 8 needles of confusion
Armour
 t - a +0 robe (worn)
 C - a +0 pair of boots (worn)
 J - a +0 shield
Magical Staves
 a - an uncursed staff of power (weapon)
Jewellery
 y - a +2 ring of protection
 D - an uncursed ring of protection from cold
 E - a cursed -5 ring of strength (left hand)
 H - an uncursed ring of magical power
 M - a cursed ring of poison resistance (right hand)
Wands
 I - a wand of flame (48/48)
Scrolls
 d - a scroll of identify
 n - 6 scrolls of teleportation
 o - 2 scrolls of fog
 p - 4 scrolls of magic mapping
 u - 2 scrolls of amnesia
 z - 2 scrolls of enchant armour
 K - a scroll of immolation {unknown}
Potions
 h - a potion of berserk rage {unknown}
 i - a potion of cancellation {unknown}
 r - a potion of haste {unknown}
 v - a potion of curing {unknown}
 w - 2 potions of brilliance {unknown}
 F - 2 potions of might
 L - a potion of resistance {unknown}
Books
 x - a book of Frost

   Spells                             Type                      Level
   a - Freeze                         Ice                          1
   b - Throw Frost                    Conjuration/Ice              2
   c - Ozocubu's Armour               Charms/Ice                   3
   d - Throw Icicle                   Conjuration/Ice              4
   e - Summon Ice Beast               Ice/Summoning                4
Comestibles
 c - 2 bread rations
 m - 2 meat rations
 q - 2 royal jellies
 A - a chunk of flesh


   Skills:
 - Level 2.0 Dodging
 - Level 2.0 Stealth
 + Level 4.6 Spellcasting
 - Level 1.0 Conjurations
 + Level 5.4 Ice Magic


You had 8 spell levels left.
You knew the following spells:

 Your Spells              Type           Power        Failure   Level  Hunger
a - Freeze                Ice            ###.         1%          1    None
b - Throw Frost           Conj/Ice       ##....       6%          2    ##.....
c - Ozocubu's Armour      Chrm/Ice       ##......     14%         3    ###....


Dungeon Overview and Level Annotations

Branches:
Dungeon (5/15)
 Temple: D:4-7

Altars:
Ashenzari
Fedhas
Trog
Vehumet

Shops:
D:4 ![

Annotations:
D:5 Duvessa; pTCGFNYNwU3Fd6TS's ghost, novice HOFi


Message History

Aim: Dowan, wielding a hand axe and wearing a robe (almost dead)
You freeze Dowan.
You kill Dowan!
Duvessa weeps, then rights herself and shakes her weapon.
Duvessa goes berserk!
The howler monkey hits you but does no damage.
The giant cockroach bites you but does no damage.
Casting: Freeze
Confirm with . or Enter, or press ? or * to list all spells.
Aiming: Freeze
Press: ? - help, Shift-Dir - straight line, f - Duvessa
Aim: Duvessa, wielding a short sword and wearing a ring mail (berserk, fast, unusually strong)
You freeze Duvessa.
Duvessa is lightly wounded.
Duvessa hits you with a short sword! The howler monkey hits you.
The giant cockroach bites you but does no damage.
The orc hits you with a dagger!
* * * LOW HITPOINT WARNING * * *
Duvessa hits you with a short sword!
You die...

._... . .... .# .
...#.###.#### ..
...#....#..%# ##'
#.⌠#.........#
#..)#..#..........#
#...o.eo..........#
#oh@..........#
####.s...........
................#
...#..........## .
#.....#.......### ##..
##..............##.....
#...##........<....#
..... #............##
##... #..........###


You could see Duvessa (berserk), a howler monkey, 3 orcs and a giant cockroach.

Vanquished Creatures
  Dowan (D:5)
  2 hounds
  An orc priest (D:3)
  2 orc wizards
  A worker ant zombie (D:5)
  4 adders
  2 gnolls (D:1)
  3 oozes
  2 worms
  A dart slug (D:2)
  5 leopard geckos
  3 orcs
  2 ball pythons
  4 giant cockroaches
  3 goblins
  8 hobgoblins
  2 quokkas
  9 bats
  5 frilled lizards
  5 kobolds
  10 rats
75 creatures vanquished.

Vanquished Creatures (others)
  5 toadstools (D:1)
5 creatures vanquished.

Grand Total: 80 creatures vanquished

Notes
Turn   | Place    | Note
-------+----------+-------------------------------------------
     0 | D:1      | Minstaer the Human Ice Elementalist began the quest for the Orb.
     0 | D:1      | Reached XP level 1. HP: 13/13 MP: 3/3
   108 | D:1      | Reached XP level 2. HP: 2/19 MP: 0/5
   540 | D:1      | Reached XP level 3. HP: 20/24 MP: 0/6
   666 | D:1      | Learned a level 2 spell: Throw Frost
  1262 | D:2      | Found a bloodstained altar of Trog.
  1291 | D:2      | Reached XP level 4. HP: 30/30 MP: 3/8
  1549 | D:2      | Reached skill level 4 in Ice Magic
  1942 | D:3      | Reached XP level 5. HP: 35/35 MP: 7/10
  2555 | D:3      | Found a blossoming altar of Fedhas.
  2999 | D:4      | Reached XP level 6. HP: 40/41 MP: 5/12
  3015 | D:4      | Found Lida's Antique Armour Boutique.
  3102 | D:4      | Found a radiant altar of Vehumet.
  3180 | D:4      | Found Rane Xuf's Distillery.
  3186 | D:4      | Reached skill level 5 in Ice Magic
  3217 | D:4      | Bought a potion of degeneration for 12 gold pieces
  3500 | D:5      | Entered Level 5 of the Dungeon
  3525 | D:5      | Noticed Duvessa
  3526 | D:5      | Noticed pTCGFNYNwU3Fd6TS's ghost (novice HOFi)
  3653 | D:5      | Noticed an ice beast
  3882 | D:4      | Learned a level 3 spell: Ozocubu's Armour
  3920 | D:5      | Noticed Dowan
  3930 | D:5      | Found a shattered altar of Ashenzari.
  3934 | D:5      | Killed Dowan
  3935 | D:5      | Mangled by Duvessa

Skill      XL: |  1  2  3  4  5  6 |
---------------+-------------------+-----
Spellcasting   | 3 4 |  4.6
Ice Magic      | 4 5 |  5.4
Dodging        | |  2.0
Stealth        | |  2.0
Conjurations   | |  1.0

Action                   |  1- 3 |  4- 6 || total
-------------------------+-------+-------++-------
Melee: Unarmed           |    17 |       ||    17
       Short sword       |    30 |       ||    30
       Dagger            |       |    44 ||    44
       Staff             |       |     3 ||     3
 Fire: Hunting sling     |       |    77 ||    77
Throw: Stone             |    52 |    18 ||    70
 Cast: Freeze            |    26 |    35 ||    61
       Throw Frost       |     6 |    23 ||    29
       Ozocubu's Armour  |       |     1 ||     1
  Use: Scroll            |       |     7 ||     7
 Stab: Sleeping          |     1 |       ||     1
  Eat: Chunk             |     2 |     6 ||     8
       Meat ration       |       |     1 ||     1
Armor: Robe              |    21 |    24 ||    45
Dodge: Dodged            |    59 |    47 ||   106
